 Dungeon Crawl Stone Soup version 0.32-a0-975-g85d4e5bfdb (webtiles) character file.

Game seed: 12911054736507101305

424 Autsider the Magician (level 6, -2/32 HPs)
             Began as a Vine Stalker Warper on Apr 18, 2024.
             Slain by Menkaure (15 damage)
             ... on level 4 of the Dungeon.
             The game lasted 00:07:22 (3014 turns).

Autsider the Magician (Vine Stalker Warper)         Turns: 3014, Time: 00:07:22

Health: -2/32      AC:  4    Str: 13    XL:     6   Next: 96%
Magic:  0/12       EV: 11    Int: 13    God:
Gold:   106        SH:  4    Dex: 16    Spells: 7/12 levels left

rFire   . . .        k - +2 short sword (drain)
rCold   . . .        s - +0 buckler
rNeg    . . .        b - +0 leather armour
rPois   .            (no helmet)
rElec   .            a - +0 cloak
rCorr   .            (no gloves)
SInv    .            (no boots)
Will    .....        (no amulet)
Stlth   ++           (no ring)
HPRegen 1.05/turn    (no ring)
MPRegen 0.13/turn

%: guardian spirit
@: no status effects
A: fangs 2, regeneration 1, magic shield, antimagic bite, no potion heal 2
a: no special abilities


You were on level 4 of the Dungeon.
You visited 1 branch of the dungeon, and saw 4 of its levels.

You collected 106 gold pieces.

Inventory:

Hand Weapons
 k - a +2 short sword of draining (weapon)
 p - a +1 vampiric trident
 r - a +1 whip of electrocution
 z - a +2 dagger of flaming
Missiles
 d - 7 darts of dispersal (quivered)
 h - 9 poisoned darts
Armour
 a - a +0 cloak (worn)
 b - a +0 leather armour (worn)
 s - a +0 buckler (worn)
Jewellery
 v - a +4 ring of protection
Scrolls
 c - 2 scrolls of blinking
 f - 2 scrolls of teleportation {unknown}
 g - a scroll of torment {unknown}
 i - a scroll of identify {unknown}
 l - a scroll of amnesia {unknown}
 n - a scroll of butterflies {unknown}
 o - a scroll of brand weapon {unknown}
 q - a scroll of enchant weapon {unknown}
 x - a scroll of fear {unknown}
 y - a scroll of poison {unknown}
Potions
 e - 2 potions of ambrosia {unknown}
 j - a potion of mutation {unknown}
 m - a potion of degeneration {unknown}
 t - a potion of heal wounds {unknown}
 u - a potion of curing {unknown}
 w - a potion of attraction {unknown}


   Skills:
 + Level 2.8 Fighting
 + Level 3.1 Short Blades
 - Level 0.8 Throwing
 - Level 0.7 Armour
 + Level 2.7 Dodging
 + Level 3.4 Stealth
 + Level 1.3 Shields
 + Level 3.6 Spellcasting
 + Level 3.6 Translocations


You had 7 spell levels left.
You knew the following spells:

 Your Spells              Type           Power      Damage    Failure   Level
a - Lesser Beckoning      Tloc           22%        N/A       13%         2
f - Apportation           Tloc           22%        N/A       9%          1
z - Blink                 Tloc           22%        N/A       13%         2

Your spell library contained the following spells:

 Spells                   Type           Power      Damage    Failure   Level
 Maxwell's Portable Pile  Tloc           11%        2d(6-16)  26%         3
 Teleport Other           Tloc           11%        N/A       26%         3
 Necrotise                Necr           8%         1d4       36%         1
 Sting                    Conj/Alch      8%         1d3       36%         1
 Summon Small Mammal      Summ           8%         N/A       36%         1
 Dazzling Flash           Conj/Hex       4%         N/A       75%         3
 Mephitic Cloud           Conj/Alch/Air  2%         N/A       75%         3
 Vhi's Electric Charge    Tloc/Air       14%        N/A       88%         4
 Silence                  Hex/Air        1%         N/A       100%        5
 Starburst                Conj/Fire      1%         6d3       100%        6
 Fulsome Fusillade        Conj/Alch      1%         (3-5)d4   100%        8


Dungeon Overview and Level Annotations

Branches:
Dungeon (4/15)
 Temple: D:4-7

Altars:
Sif Muna

Annotations:
D:3 exclusion: downstairs
D:4 Menkaure


Innate Abilities, Weirdness & Mutations

You have extremely sharp teeth.
Your natural rate of healing is unusually fast.
When hurt, damage is shared between your health and your magic reserves.
Your bite disrupts and absorbs the magic of your enemies.
Potions cannot restore your health.


Message History

You kill the hobgoblin!
The goblin completely misses you.
You barely miss the hobgoblin. You bite the hobgoblin. You drain its power.
The hobgoblin is severely wounded.
The hobgoblin barely misses you. The goblin hits you but does no damage.
You hit the hobgoblin.
You kill the hobgoblin!
Items here: ) [[ ††.
You closely miss the goblin. Your bite misses the goblin.
The goblin hits you with a +0 dagger.
You puncture the goblin!
You kill the goblin!
You see here a +0 dagger.
Items here: ) [[ ††.
Items here: ) [[ ††.
You see here a +0 dagger.
You enter the shallow water.
Moving in this stuff is going to be slow.
You see here a hobgoblin corpse.
Items here: ))))) [ ††.
You see here a +0 club.
Menkaure shouts!
Menkaure calls on the powers of darkness!
Your body is wracked with pain!
Menkaure calls on the powers of darkness!
Your body is wracked with pain!
* * * LOW HITPOINT WARNING * * *
There is an open gate here.
Menkaure mumbles a few words.
You hit Menkaure. Your bite misses Menkaure.
Menkaure is lightly damaged.
You hit Menkaure. You bite Menkaure.
Menkaure's magic leaks into the air.
You drain his magic.
You feel invigorated.
Menkaure is lightly damaged.
Menkaure hits you!
* * * LOW HITPOINT WARNING * * *
You hit Menkaure. You bite Menkaure, but do no damage.
Menkaure is moderately damaged.
Menkaure hits you!!
You die...

##.#####.#....###
...# ...#..#..##
#### #.####.##..#
. #. #..##.#### #
##.##.†..#
##.#####.##
..........#
###.#<..##
#.M@..# ###'''#
#...# #≈.~# #~.~#
#~)~# #)[≈# #~†~#
#~.~#


You could see Menkaure (magic disrupted).

Vanquished Creatures
  Grinder (D:4)
  A bombardier beetle (D:3)
  A hound (D:4)
  An orc wizard (D:4)
  Robin (D:4)
  2 adders
  A gnoll (D:1)
  2 dart slugs
  10 orcs
  5 ball pythons
  4 bats
  6 endoplasms
  A giant cockroach (D:4)
  11 goblins
  9 hobgoblins
  11 jackals
  6 kobolds
  A quokka (D:4)
  4 frilled lizards
  7 rats
85 creatures vanquished.

Notes
Turn   | Place    | Note
-------+----------+-------------------------------------------
     0 | D:1      | Autsider the Vine Stalker Warper began the quest for the
                  | Orb.
     0 | D:1      | Reached XP level 1. HP: 11/11 MP: 4/4
   321 | D:1      | Reached XP level 2. HP: 15/15 MP: 6/6
   413 | D:1      | Reached skill level 1 in Stealth
   451 | D:1      | Reached XP level 3. HP: 15/18 MP: 3/7
  1116 | D:2      | Found a shimmering blue altar of Sif Muna.
  1354 | D:2      | You fall into a shaft and drop 1 floor!
  1555 | D:3      | Reached XP level 4. HP: 21/23 MP: 6/9
  2068 | D:3      | Learned a level 1 spell: Apportation
  2071 | D:3      | Learned a level 2 spell: Blink
  2074 | D:3      | Learned a level 2 spell: Lesser Beckoning
  2201 | D:3      | Reached XP level 5. HP: 26/26 MP: 10/10
  2540 | D:4      | Noticed Menkaure
  2687 | D:4      | Noticed Grinder
  2721 | D:4      | Paralysed by Grinder for 3 turns
  2734 | D:4      | Killed Grinder
  2735 | D:4      | Reached skill level 1 in Shields
  2735 | D:4      | Reached XP level 6. HP: 8/32 MP: 3/12
  2963 | D:4      | Noticed Robin
  2969 | D:4      | Killed Robin
  3014 | D:4      | Slain by Menkaure

Illustrated notes

Levels and vault maps discovered:
D:1:      saegor_arrival_simple_c, layout_basic
D:2:      layout_basic, basic_altar
D:3:      layout_basic, kennysheep_pointless_box, grunt_decor_cap,
          eino_tiny_chamber
D:4:      layout_rooms, kennysheep_cross_bottleneck, uniq_robin, uniq_grinder,
          uniq_menkaure

Skill      XL: |  1  2  3  4  5 |
---------------+----------------+-----
Fighting       | 2 |  2.8
Short Blades   | 2 3 |  3.1
Stealth        | 1 2 3 |  3.4
Dodging        | 2 |  2.7
Spellcasting   | 3 |  3.6
Shields        | 1 |  1.3
Throwing       | |  0.8
Armour         | |  0.7
Translocations | |  3.6

Action                     |  1- 3 |  4- 6 || total
---------------------------+-------+-------++-------
  Melee: Short sword       |    71 |   143 ||   214
         Bite              |    15 |    39 ||    54
  Throw: Dart              |     2 |       ||     2
   Stab: Sleeping          |     2 |     4 ||     6
 Armour: Leather armour    |    33 |    54 ||    87
  Dodge: Dodged            |    26 |    62 ||    88
  Block: Buckler           |       |    24 ||    24

Table legend: (Time is in decaauts)
 A = Elapsed time spent in this place.
 B = Non-inter-level travel time spent in this place.
 C = Inter-level travel time spent in this place.
 D = Time resting spent in this place.
 E = Time spent auto-exploring this place.
 F = Levels seen in this place.
 G = Mean time per level.
                   A        B        C        D        E       F      G
               +--------+--------+--------+--------+--------+-----+--------+
         Total |   2997 |   2803 |    194 |    151 |   1908 |   4 |  749.2 |
       Dungeon |   2997 |   2803 |    194 |    151 |   1908 |   4 |  749.2 |
               +--------+--------+--------+--------+--------+-----+--------+

Top non-repeatable levels by time:
     D:1: 912 daAuts
     D:3: 839 daAuts
     D:2: 824 daAuts
     D:4: 419 daAuts
